 Dungeon Crawl Stone Soup version 0.21.0 (webtiles) character file.

73 Hekarica the Skirmisher (level 4, -1/24 HPs)
             Began as a Vine Stalker Fighter on May 20, 2018.
             Was an Initiate of Okawaru.
             Slain by a gnoll
             ... wielding a +0 halberd
              (3 damage)
             ... on level 2 of the Dungeon.
             The game lasted 00:07:12 (1109 turns).

Hekarica the Skirmisher (Vine Stalker Fighter)      Turns: 1109, Time: 00:07:13

Health: -1/24      AC:  6    Str: 18    XL:     4   Next: 27%
Magic:  0/5        EV:  7    Int:  8    God:    Okawaru [......]
Gold:   68         SH:  9    Dex: 15    Spells: 3/3 levels left

rFire    . . .     SeeInvis .   a - +0 war axe
rCold    . . .     Gourm    .   c - +0 shield
rNeg     . . .     Faith    .   f - +0 scale mail
rPois    .         Spirit   +   (no helmet)
rElec    .         Reflect  .   (no cloak)
rCorr    .         Harm     .   (no gloves)
MR       .....                  (no boots)
Stlth    ..........             (no amulet)
HPRegen  0.48/turn              (no ring)
MPRegen  0.09/turn              (no ring)

@: no status effects
A: fangs 2, regeneration 1, magic shield, antimagic bite, no potion heal 3, rot
immunity
a: Renounce Religion


You were on level 2 of the Dungeon.
You worshipped Okawaru.
Okawaru was noncommittal.
You were not hungry.

You visited 1 branch of the dungeon, and saw 2 of its levels.

You collected 68 gold pieces.

Inventory:

Hand Weapons
 a - a +0 war axe (weapon)
Missiles
 e - 6 javelins (quivered)
Armour
 c - a +0 shield (worn)
 f - a +0 scale mail (worn)
Scrolls
 h - 3 scrolls of identify
 i - a scroll of magic mapping {unknown}
 k - a scroll of fear {unknown}
Potions
 d - 2 potions of might
 g - a potion of mutation {unknown}
 l - a potion of cancellation {unknown}
Comestibles
 b - 5 rations


   Skills:
 + Level 3.1 Fighting
 * Level 2.9 Axes
 + Level 2.8 Armour
 + Level 3.1 Shields


You had 3 spell levels left.
You didn't know any spells.

Dungeon Overview and Level Annotations

Branches:
Dungeon (2/15)

Altars:
Okawaru


Innate Abilities, Weirdness & Mutations

You have extremely sharp teeth.
Your natural rate of healing is unusually fast.
When hurt, damage is shared between your health and your magic reserves.
Your bite disrupts and absorbs the magic of your enemies.
Potions cannot restore your health.
You are immune to rotting.


Message History

The gnoll hits you with an enchanted flail.
The gnoll barely misses you. You block the gnoll's attack.
A gnoll comes into view. It is wielding a spear.
You closely miss the gnoll. You bite the gnoll. You drain its power.
You feel invigorated.
The gnoll is moderately wounded.
The gnoll barely misses you. The gnoll hits you!
* * * LOW HITPOINT WARNING * * *
The gnoll hits you but does no damage.
A dart slug comes into view.
The gnoll moves out of view.
As you read the scroll labeled WUROUL CICKAB, it crumbles to dust.
It is a scroll of identify.
j - a scroll of fog The gnoll barely misses you.
You block the gnoll's attack.
As you read the scroll of fog, it crumbles to dust.
The scroll dissolves into smoke.
The gnoll hits you.
* * * LOW HITPOINT WARNING * * *
The gnoll hits you from afar with a halberd.
You die...

#........## #..#.#.#
#.........#####.##.#.#
#..................#..
##.........########.###
#.........## #.#
###...#.##.####### #.#
##.....§§§.......)# #.#
...#.##§####.###.###.###
#.#g##@# #.# #........
#.wggg§# #.# #..##.###
#.#g#### #.# #..##.# ..
#.# #.# #..##.# #. #.#
#.# ......# # #g#
#.#.#..#### #.# #......#
..( .. ...# ###


You could see 2 gnolls.

Vanquished Creatures
  A gnoll (D:2)
  2 worms (D:2)
  A dart slug (D:2)
  2 leopard geckos (D:1)
  A giant cockroach (D:1)
  5 hobgoblins
  6 jackals
  2 quokkas (D:2)
  6 bats
  6 frilled lizards
  8 goblins
  5 kobolds
  7 rats
52 creatures vanquished.

Notes
Turn   | Place    | Note
-------+----------+-------------------------------------------
     0 | D:1      | Hekarica the Vine Stalker Fighter began the quest for the Orb.
     0 | D:1      | Reached XP level 1. HP: 11/11 MP: 2/2
   171 | D:1      | Reached XP level 2. HP: 16/16 MP: 3/3
   586 | D:1      | Reached XP level 3. HP: 19/19 MP: 4/4
   794 | D:2      | Found an iron altar of Okawaru.
   799 | D:2      | Became a worshipper of Warmaster Okawaru
   911 | D:2      | Gained mutation: Your natural rate of healing is unusually fast. [Vine Stalker growth]
   911 | D:2      | Reached XP level 4. HP: 21/24 MP: 5/5
  1109 | D:2      | Slain by a gnoll

Skill      XL: |  1  2  3 |
---------------+----------+-----
Axes           | 2 |  2.9
Fighting       | 3 |  3.1
Shields        | 3 |  3.1
Armour         | |  2.8

Action                   |  1- 3 |  4- 6 || total
-------------------------+-------+-------++-------
Melee: War axe           |   112 |    17 ||   129
       Bite              |    26 |     4 ||    30
  Use: Potion            |     1 |       ||     1
       Scroll            |       |     2 ||     2
  Eat: Ration            |       |     1 ||     1
Armor: Scale mail        |    47 |     6 ||    53
Dodge: Dodged            |    40 |     7 ||    47
Block: Shield            |    81 |     9 ||    90
